 Dungeon Crawl Stone Soup version 0.31.0-11-ge490571c62 (webtiles) character file.

Game seed: 17534695454504960028

2 hawla the Conjurer (level 1, 0/8 HPs)
             Began as a Deep Elf Conjurer on Feb 5, 2024.
             Slain by a jackal (3 damage)
             ... on level 1 of the Dungeon.
             The game lasted 00:01:30 (60 turns).

hawla the Conjurer (Deep Elf Conjurer)                Turns: 60, Time: 00:01:30

Health: 0/8        AC:  2    Str:  4    XL:     1   Next: 33%
Magic:  3/6        EV: 12    Int: 22    God:
Gold:   0          SH:  0    Dex: 13    Spells: 5/6 levels left

rFire   . . .        (no weapon)
rCold   . . .        (no shield)
rNeg    . . .        a - +0 robe
rPois   .            (helmet restricted)
rElec   .            (no cloak)
rCorr   .            (no gloves)
SInv    .            (no boots)
Will    .....        (no amulet)
Stlth   ++           (no ring)
HPRegen 0.21/turn    (no ring)
MPRegen 0.10/turn

%: no passive effects
@: no status effects
A: antennae 1, frail 2, evolution 1
a: no special abilities


You were on level 1 of the Dungeon.
You visited 1 branch of the dungeon, and saw 1 of its levels.

Inventory:

Armour
 a - a +0 robe (worn)
 d - a +0 pair of boots
Potions
 b - a potion of magic


   Skills:
 + Level 0.0 Fighting
 + Level 0.0 Staves
 + Level 2.4 Dodging
 + Level 2.4 Stealth
 + Level 0.0 Shields
 + Level 3.0 Spellcasting
 + Level 4.4 Conjurations
 + Level 0.0 Translocations
 + Level 0.0 Evocations
 + Level 0.0 Shapeshifting


You had 5 spell levels left.
You knew the following spells:

 Your Spells              Type           Power      Damage    Failure   Level
a - Magic Dart            Conj           88%        1d7       1%          1

Your spell library contained the following spells:

 Spells                   Type           Power      Damage    Failure   Level
 Searing Ray              Conj           44%        2d6       3%          2
 Iskenderun's Mystic Bla  Conj/Tloc      13%        2d5       43%         4
 Fulminant Prism          Conj/Alch      6%         3d7       45%         4


Dungeon Overview and Level Annotations

Branches:
Dungeon (1/15)

Altars:


Innate Abilities, Weirdness & Mutations

You have a pair of small antennae on your head.
You are very frail. (-20% HP)
You have hidden genetic potential.


Message History

Aiming: Magic Dart (safe; 1% risk of failure)
Press: ? - help, Shift-Dir - straight line, f - jackal
Aim: a jackal (100% to hit)
The magic dart hits the jackal.
The jackal is lightly wounded.
The jackal closely misses you. The jackal completely misses you.
The jackal bites you.
A goblin comes into view. It is wielding a +0 dagger.
Casting: Magic Dart (safe; 1% risk of failure)
Confirm with . or Enter, or press ? or * to list all spells.
Aiming: Magic Dart (safe; 1% risk of failure)
Press: ? - help, Shift-Dir - straight line, f/p - jackal
Aim: a jackal (lightly wounded, 100% to hit)
The magic dart hits the jackal but does no damage.
The jackal is lightly wounded.
The jackal bites you. x2
Unknown command.
You aren't carrying any scrolls.
Casting: Magic Dart (safe; 1% risk of failure)
Confirm with . or Enter, or press ? or * to list all spells.
Aiming: Magic Dart (safe; 1% risk of failure)
Press: ? - help, Shift-Dir - straight line, f/p - jackal
Aim: a jackal (lightly wounded, 100% to hit)
The magic dart hits the jackal.
The jackal is moderately wounded.
The jackal bites you.
* * * LOW HITPOINT WARNING * * *
The jackal bites you but does no damage.
The jackal closely misses you.
The jackal bites you but does no damage.
You aren't carrying any scrolls.
It was a potion of mutation.
You feel extremely strange.
You feel frail. x2; A pair of antennae grows on your head!
You feel a hidden potential growing inside you.
The jackal misses you. The jackal closely misses you.
The jackal barely misses you. x2
The jackal attacks as it pursues you! The jackal misses you.
The jackal attacks as it pursues you! The jackal closely misses you.
The jackal attacks as it pursues you! The jackal bites you.
You die...

.. ... ... .# $.#
..# ####.# ..#.
#.##.# .....
###.###.##.####...
.......@h.........
###.##..h..g#.###...
#..............
##..#...#######
.....#...#
#.).......#######
......#..........
..........#######
...............#


You could see 2 jackals and a goblin.

Vanquished Creatures
  A goblin (D:1)
  A kobold (D:1)
2 creatures vanquished.

Notes
Turn   | Place    | Note
-------+----------+-------------------------------------------
     0 | D:1      | hawla the Deep Elf Conjurer began the quest for the Orb.
     0 | D:1      | Reached XP level 1. HP: 10/10 MP: 6/6
    56 | D:1      | Gained mutation: You are frail. (-10% HP) [potion of
                  | mutation]
    56 | D:1      | Gained mutation: You are very frail. (-20% HP) [potion of
                  | mutation]
    56 | D:1      | Gained mutation: You have a pair of small antennae on your
                  | head. [potion of mutation]
    56 | D:1      | Gained mutation: You have hidden genetic potential. [potion
                  | of mutation]
    60 | D:1      | Slain by a jackal

Illustrated notes

Levels and vault maps discovered:
D:1:      tarquinn_simple_flora_water_d, layout_basic, st_stairs_13,
          grunt_decor_arrowhead, moated_statue

Action                     || total
---------------------------++-------
   Cast: Magic Dart        ||     5
    Use: Potion            ||     1
 Armour: Robe              ||     7
  Dodge: Dodged            ||    10
